[Event "Titled Tuesday Blitz October 11 Early 2022"]
[White "Glavina, Pablo"]
[Black "D`Arruda, Ricardo D."]
[WhiteFideId "100234"]
[BlackFideId "100692"]
[WhiteElo "2351"]
[BlackElo "2413"]
[Result "0-1"]
[Round "06"]
[TimeControl "180+1"]
[Date "2022.10.12"]
[WhiteClock "0:00:21"]
[BlackClock "0:01:36"]

1. d4 Nf6 2. c4 e5 3. dxe5 Ne4 4. Nd2 Nc5 5. Ngf3 Nc6 6. g3 d6 7. exd6 Qxd6 8. Bg2 Be7 9. O-O Bf5 10. Nb3 Qxd1 11. Rxd1 Bc2 12. Nxc5 Bxd1 13. Nxb7 Bxe2 14. Bf4 O-O 15. Bxc7 Rac8 16. Bd6 Bxc4 17. Bxe7 Nxe7 18. Nd6 Rc6 19. Ne5 Rxd6 20. Nxc4 Re6 21. Kf1 Rc8 22. b3 Rd8 23. Ne3 Rd2 24. Ke1 Rb2 25. Rd1 g6 26. Rd2 Rxd2 27. Kxd2 Nc6 28. Kc3 Kf8 29. Bd5 Rd6 30. Kc4 Ne7 31. Be4 Rd2 32. Bc2 Rxf2 33. h4 Rf3 0-1


[Site "https://www.chess.com"]

[Event "Titled Tuesday Blitz October 11 Early 2022"]
[White "Hajiyev, Kanan"]
[Black "Mindlin, Alon"]
[WhiteFideId "13404148"]
[BlackFideId "2800071"]
[WhiteElo "2118"]
[BlackElo "2417"]
[Result "0-1"]
[Round "06"]
[TimeControl "180+1"]
[Date "2022.10.12"]
[WhiteClock "0:00:34"]
[BlackClock "0:01:15"]

1. d4 Nf6 2. Nf3 e6 3. c4 Bb4+ 4. Bd2 Qe7 5. a3 Bxd2+ 6. Qxd2 O-O 7. Nc3 d6 8. g3 b6 9. Bg2 Bb7 10. O-O Nbd7 11. b4 a5 12. Rfd1 Ne4 13. Nxe4 Bxe4 14. Qe3 Nf6 15. Ng5 Bxg2 16. Kxg2 Qd7 17. c5 axb4 18. axb4 bxc5 19. bxc5 Rab8 20. Rab1 h6 21. Ne4 Nd5 22. Qf3 Qc6 23. Kg1 f5 24. Nc3 Rxb1 25. Rxb1 dxc5 26. Nxd5 exd5 27. dxc5 Qxc5 28. Rd1 c6 29. Rb1 Qd6 30. Rb6 f4 31. Qc3 fxg3 32. hxg3 Qf6 33. Qe3 d4 34. Qf3 Qxf3 35. exf3 Rc8 36. Kf1 c5 37. Ke2 c4 38. Kd2 c3+ 39. Kc2 d3+ 0-1


[Site "https://www.chess.com"]

[Event "Titled Tuesday Blitz October 11 Early 2022"]
[White "Halkias, Stelios"]
[Black "Timofeev, Artyom"]
[WhiteFideId "4201809"]
[BlackFideId "4140419"]
[WhiteElo "2453"]
[BlackElo "2579"]
[Result "0-1"]
[Round "06"]
[TimeControl "180+1"]
[Date "2022.10.11"]
[WhiteClock "0:01:08"]
[BlackClock "0:01:46"]

1. Nf3 Nf6 2. c4 g6 3. Nc3 c5 4. d4 Bg7 5. e4 d6 6. d5 Bg4 7. h3 Bxf3 8. Qxf3 O-O 9. Bd3 Nbd7 10. Qe2 e6 11. O-O a6 12. Bf4 Ne5 13. Bxe5 dxe5 14. Rfd1 exd5 15. cxd5 b5 16. a4 c4 17. Bc2 b4 18. Qxc4 bxc3 19. bxc3 Nd7 20. a5 Qc8 21. Qb4 Rb8 22. Qa3 Rd8 23. d6 Qc5 24. Qa2 Qxc3 25. Ba4 Nc5 26. Bc6 Nb3 27. Rab1 Qxc6 28. Rxb3 Rxb3 29. Qxb3 Rxd6 30. Qb8+ Bf8 31. Rxd6 Qxd6 32. Qb7 Qe6 0-1


[Site "https://www.chess.com"]

[Event "Titled Tuesday Blitz October 11 Early 2022"]
[White "Hambleton, Aman"]
[Black "Donchenko, Alexander"]
[WhiteFideId "2606577"]
[BlackFideId "24603295"]
[WhiteElo "2538"]
[BlackElo "2572"]
[Result "0-1"]
[Round "06"]
[TimeControl "180+1"]
[Date "2022.10.11"]
[WhiteClock "0:00:01"]
[BlackClock "0:00:42"]

1. d4 d5 2. c4 dxc4 3. e4 b5 4. a4 c6 5. Nc3 b4 6. Nce2 e5 7. Nf3 exd4 8. Qxd4 Qxd4 9. Nexd4 Ba6 10. Ne5 Bc5 11. Nc2 Nf6 12. Bxc4 Bxc4 13. Nxc4 Nxe4 14. Be3 Bxe3 15. N2xe3 O-O 16. f3 Nc5 17. a5 Nba6 18. Rd1 Rfd8 19. Ke2 Nb3 20. Rxd8+ Rxd8 21. Rd1 Nd4+ 22. Kf2 c5 23. Nf5 Kf8 24. Nxd4 cxd4 25. Ne5 Rd6 26. Nd3 Rd5 27. Rc1 Rxa5 28. Rc4 b3 29. Rxd4 Nc5 30. Nxc5 Rxc5 31. Ke3 a5 32. g4 Ke7 33. Rd3 a4 34. Rd4 Rc2 35. h4 Rxb2 36. Rxa4 Rb1 37. Rb4 b2 38. Kf4 Kd6 39. h5 h6 40. Rb7 Kc6 41. Rb8 Kc5 42. Kf5 Kd4 43. f4 Ke3 44. Rb3+ Kf2 45. Rb7 Kg3 46. Rb3+ Kh4 47. Rb4 Rg1 48. Rxb2 Rxg4 49. Rh2+ Kg3 50. Rg2+ Kxg2 51. Kxg4 Kf2 52. Kf5 Kf3 53. Ke5 Kg4 54. f5 Kxh5 55. Kf4 Kh4 56. f6 gxf6 57. Kf5 h5 58. Kf4 Kh3 59. Kf3 h4 60. Kf4 Kg2 0-1


[Site "https://www.chess.com"]

[Event "Titled Tuesday Blitz October 11 Early 2022"]
[White "Hansen, Eric"]
[Black "Liyanage, Ranindu Dilshan"]
[WhiteFideId "2606771"]
[BlackFideId "9915834"]
[WhiteElo "2568"]
[BlackElo "2210"]
[Result "1-0"]
[Round "06"]
[TimeControl "180+1"]
[Date "2022.10.11"]
[WhiteClock "0:00:17"]
[BlackClock "0:00:02"]

1. d4 Nf6 2. Nf3 d5 3. c4 e6 4. Nc3 Bb4 5. Qa4+ Nc6 6. Bg5 h6 7. Bxf6 Qxf6 8. e3 Bd7 9. Qc2 dxc4 10. Bxc4 Bd6 11. Ne4 Qe7 12. a3 e5 13. Rd1 O-O 14. dxe5 Bxe5 15. Nxe5 Nxe5 16. Be2 Bc6 17. O-O Rad8 18. b4 a6 19. Qc5 Qe6 20. Ng3 Rd5 21. Qc3 Rfd8 22. Rxd5 Qxd5 23. f3 Re8 24. Rd1 Qe6 25. f4 Ng4 26. e4 Nf6 27. e5 Nd5 28. Qd4 Nb6 29. Qe3 Nc4 30. Qc3 Bb5 31. Bxc4 Qxc4 32. Qxc4 Bxc4 33. Rd7 Rc8 34. Ne4 Be6 35. Rd1 b6 36. Rc1 Kf8 37. Kf2 Ke7 38. Ke3 Bd5 39. g4 g6 40. f5 Bxe4 41. Kxe4 c6 42. a4 c5 43. a5 bxa5 44. Rxc5 Rxc5 45. bxc5 a4 46. Kd3 Kd7 47. e6+ fxe6 48. fxg6 1-0


[Site "https://www.chess.com"]

[Event "Titled Tuesday Blitz October 11 Early 2022"]
[White "Hardaway, Brewington"]
[Black "Jiganchine, Roman"]
[WhiteFideId "30941849"]
[BlackFideId "2603667"]
[WhiteElo "2159"]
[BlackElo "2310"]
[Result "1-0"]
[Round "06"]
[TimeControl "180+1"]
[Date "2022.10.12"]
[WhiteClock "0:01:27"]
[BlackClock "0:00:11"]

1. Nf3 d5 2. e3 Nf6 3. c4 c6 4. Nc3 g6 5. b3 Bg7 6. Bb2 O-O 7. Qc2 Bf5 8. Bd3 Bxd3 9. Qxd3 a5 10. O-O Na6 11. cxd5 Nb4 12. Qe2 Nfxd5 13. d4 Nxc3 14. Bxc3 Nd5 15. Bb2 a4 16. Nd2 a3 17. Bc1 b5 18. Ne4 Qa5 19. Bd2 b4 20. Rac1 Qa6 21. Qxa6 Rxa6 22. Nc5 Ra7 23. Nd3 e5 24. Nxb4 Nxb4 25. Bxb4 Rc8 26. Bc5 Ra6 27. dxe5 Bxe5 28. Rfd1 Bb2 29. Rc4 h5 30. Kf1 Rb8 31. Rd7 Rxb3 32. axb3 a2 33. Rd8+ Kh7 34. Rd1 a1=Q 35. Rxa1 Bxa1 36. Ke2 Bf6 37. Ra4 Rxa4 38. bxa4 Bc3 39. Kd3 Ba5 40. Ke4 Kg8 41. Ke5 f5 42. Kd6 1-0


[Site "https://www.chess.com"]

[Event "Titled Tuesday Blitz October 11 Early 2022"]
[White "Harsha Bharathakoti"]
[Black "Srihari L R"]
[WhiteFideId "5078776"]
[BlackFideId "46617116"]
[WhiteElo "2523"]
[BlackElo "2336"]
[Result "0-1"]
[Round "06"]
[TimeControl "180+1"]
[Date "2022.10.11"]
[WhiteClock "0:00:02"]
[BlackClock "0:00:04"]

1. e4 c5 2. f4 d5 3. exd5 Nf6 4. Bb5+ Bd7 5. Bxd7+ Qxd7 6. c4 e6 7. Qe2 Bd6 8. dxe6 fxe6 9. d3 O-O 10. Nf3 Nc6 11. O-O Rfe8 12. Nc3 e5 13. f5 Nd4 14. Qf2 Qxf5 15. Ng5 Qxd3 16. Be3 Rf8 17. Rad1 Qg6 18. Qh4 h6 19. Nge4 Be7 20. Nxf6+ Rxf6 21. Qe4 Ne2+ 22. Kh1 Nxc3 23. Qxg6 Rxg6 24. bxc3 Rd6 25. Rxd6 Bxd6 26. Rd1 Bf8 27. Rd7 b6 28. Kg1 a6 29. a4 Rb8 30. Ra7 b5 31. cxb5 axb5 32. axb5 Rxb5 33. Kf2 Rb3 34. Bd2 c4 35. Rc7 Rb2 36. Ke3 e4 37. Rxc4 Be7 38. Rd4 Bg5+ 39. Ke2 e3 40. Rd8+ Bxd8 0-1


[Site "https://www.chess.com"]

[Event "Titled Tuesday Blitz October 11 Early 2022"]
[White "Hartikainen, Jarmo"]
[Black "Haitin, Ilja"]
[WhiteFideId "503134"]
[BlackFideId "4501764"]
[WhiteElo "2147"]
[BlackElo "2221"]
[Result "0-1"]
[Round "06"]
[TimeControl "180+1"]
[Date "2022.10.12"]
[WhiteClock "0:00:03"]
[BlackClock "0:00:05"]

1. e4 d6 2. d4 Nf6 3. Nc3 e5 4. Nf3 Nbd7 5. dxe5 dxe5 6. Bc4 Bd6 7. Bg5 O-O 8. h4 Nb6 9. Bb3 Bg4 10. Qd2 a5 11. a3 a4 12. Ba2 Bxf3 13. gxf3 Be7 14. O-O-O Qxd2+ 15. Rxd2 Rfd8 16. Rhd1 Rxd2 17. Rxd2 h6 18. Be3 Nfd7 19. f4 Bxh4 20. fxe5 Nxe5 21. Bxb6 cxb6 22. f4 Ng6 23. Rd7 Rf8 24. f5 Ne5 25. Rxb7 Bf2 26. Nxa4 h5 27. Nxb6 h4 28. Nd5 Nd3+ 29. cxd3 h3 30. Ne7+ Kh7 31. e5 Rd8 32. Nc6 h2 33. Nxd8 h1=Q+ 34. Kc2 Bd4 35. e6 fxe6 36. fxe6 Bf6 37. Rb4 g5 38. Bc4 Kg6 39. Nf7 Qc6 40. Nd6 Qxd6 41. b3 Qe5 42. a4 Qc3+ 43. Kd1 Qxb4 44. Ke2 Be7 45. Ke3 Kf6 46. Ke4 Qc5 47. Bb5 Qe5+ 48. Kf3 Qf4+ 49. Ke2 Kxe6 50. a5 Bc5 51. Bc4+ Ke5 52. a6 Ba7 53. b4 Qd4 54. b5 Qe3+ 55. Kd1 Kd4 56. Kc2 Kc5 57. b6 Kxb6 58. Kc3 Kc5 59. Kb3 g4 60. Kc3 g3 61. Kb3 g2 62. Kc3 g1=Q 63. Bd5 Qd4+ 64. Kc2 Qgf2+ 65. Kb3 Qfb2# 0-1


[Site "https://www.chess.com"]

[Event "Titled Tuesday Blitz October 11 Early 2022"]
[White "Haukenfrers, Dale"]
[Black "Troltenier, Dirk"]
[WhiteFideId "2603780"]
[BlackFideId "4606400"]
[WhiteElo "1964"]
[BlackElo "2274"]
[Result "0-1"]
[Round "06"]
[TimeControl "180+1"]
[Date "2022.10.12"]
[WhiteClock "0:01:14"]
[BlackClock "0:00:14"]

1. c3 Nf6 2. d3 d5 3. g3 Bg4 4. Qb3 Qc8 5. Bg2 c6 6. Nf3 Nbd7 7. h3 Bxf3 8. Bxf3 e6 9. Nd2 Bd6 10. Bg2 O-O 11. Nf3 Nc5 12. Qc2 e5 13. g4 Re8 14. O-O Ne6 15. e4 Qd7 16. Re1 dxe4 17. dxe4 Qc7 18. Be3 Bc5 19. Bg5 Nxg5 20. Nxg5 h6 21. Nf3 Rad8 22. Nh4 g6 23. Rad1 Kg7 24. Rxd8 Rxd8 25. Rd1 Rxd1+ 26. Qxd1 Qb6 27. Qd2 a5 28. b3 Qc7 29. Qd3 Nd7 30. Bf1 Nf8 31. Kg2 Ne6 32. Qf3 Qe7 33. Nf5+ gxf5 34. exf5 Nf4+ 35. Kh1 Qd6 36. Bc4 b5 37. Bf1 Qd5 38. Qxd5 Nxd5 39. c4 bxc4 40. Bxc4 Kf6 41. Kg2 Nc3 42. Ba6 Nxa2 43. Bb7 Nb4 44. h4 Bd4 45. f3 c5 46. Kf1 Nd3 47. Ke2 Nf4+ 48. Kd2 Ng2 49. Kd3 Nxh4 50. Kc4 Kg5 51. Kb5 Kf4 52. b4 axb4 53. Bd5 f6 54. Kc6 Nxf3 55. Kd6 e4 56. Ke6 e3 57. Bc4 Ng1 58. Kf7 e2 59. Kg6 e1=Q 60. Kxh6 Qe8 61. g5 Qh8+ 62. Kg6 fxg5 63. f6 Qxf6+ 64. Kh5 g4 65. Be6 Qg5# 0-1


[Site "https://www.chess.com"]

[Event "Titled Tuesday Blitz October 11 Early 2022"]
[White "Heinemann, Josefine"]
[Black "Shapiro, Daniel"]
[WhiteFideId "12900460"]
[BlackFideId "2001780"]
[WhiteElo "2300"]
[BlackElo "2227"]
[Result "1-0"]
[Round "06"]
[TimeControl "180+1"]
[Date "2022.10.12"]
[WhiteClock "0:00:10"]
[BlackClock "0:00:03"]

1. Nf3 Nf6 2. c4 Nc6 3. Nc3 e5 4. d3 h6 5. e3 d5 6. cxd5 Nxd5 7. Be2 Be7 8. O-O O-O 9. Bd2 Nb6 10. a3 Be6 11. b4 a6 12. Rc1 f5 13. Qc2 Bf6 14. Rfd1 Qe7 15. Na4 Nxa4 16. Qxa4 e4 17. dxe4 fxe4 18. Ne1 Qf7 19. Rb1 Bh4 20. f3 exf3 21. Nxf3 Be7 22. Qc2 Bd6 23. Rdc1 Qh5 24. Bc4 Rae8 25. Qd1 Rxf3 26. Qxf3 Qxh2+ 27. Kf2 Bxc4 28. Rxc4 Rf8 29. Rf4 Bxf4 30. exf4 Qh4+ 31. Kg1 Qf6 32. Rf1 Qd4+ 33. Be3 Qc3 34. Qd5+ Kh8 35. Bc5 Rd8 36. Qf7 Qf6 37. Qxc7 Rd2 38. Qc8+ Kh7 39. Qg4 Nd4 40. Bxd4 Qxd4+ 41. Kh2 Qb2 42. Re1 Rd8 43. Re6 Qc2 44. f5 Qc7+ 45. Kh3 Rd3+ 46. g3 Qf7 47. Qg6+ Kg8 48. Re8+ 1-0


[Site "https://www.chess.com"]

[Event "Titled Tuesday Blitz October 11 Early 2022"]
[White "Hristodoulou, Panagiotis"]
[Black "Kuznetsova, Olga"]
[WhiteFideId "4214340"]
[BlackFideId "4191323"]
[WhiteElo "2272"]
[BlackElo "2134"]
[Result "1-0"]
[Round "06"]
[TimeControl "180+1"]
[Date "2022.10.12"]
[WhiteClock "0:01:59"]
[BlackClock "0:01:33"]

1. e4 e5 2. Nf3 Nf6 3. Nxe5 d6 4. Nf3 Nxe4 5. Nc3 Nxc3 6. dxc3 Be7 7. Be3 Nc6 8. Qd2 Bf5 9. O-O-O Qd7 10. Bb5 a6 11. Ba4 b5 12. Bb3 Be6 13. Rhe1 O-O 14. Nd4 Bxb3 15. Nxb3 Bf6 16. Bd4 Bxd4 17. Nxd4 Ne5 18. Qg5 Rae8 19. Nf5 f6 20. Qf4 g6 21. Ne3 Kg7 22. h4 h5 23. b3 Re6 24. Re2 Rfe8 25. Rde1 Ng4 26. Nxg4 Rxe2 27. Qh6+ Kf7 28. Qh7+ Kf8 29. Qh8+ Kf7 30. Nh6+ 1-0


[Site "https://www.chess.com"]

[Event "Titled Tuesday Blitz October 11 Early 2022"]
[White "Ianov, Viktor"]
[Black "Sovetbekova, Nurai"]
[WhiteFideId "14102730"]
[BlackFideId "13801910"]
[WhiteElo "2152"]
[BlackElo "1925"]
[Result "1-0"]
[Round "06"]
[TimeControl "180+1"]
[Date "2022.10.12"]
[WhiteClock "0:01:01"]
[BlackClock "0:00:08"]

1. Nf3 Nf6 2. g3 g6 3. b3 Bg7 4. Bb2 O-O 5. Bg2 c5 6. c4 d6 7. d4 Qa5+ 8. Bc3 Qb6 9. dxc5 dxc5 10. O-O Nc6 11. Nbd2 Rd8 12. Qc1 Nd4 13. Re1 Qc7 14. e3 Nxf3+ 15. Nxf3 Bf5 16. Qb2 Be4 17. Rad1 Qc6 18. Ne5 Qe6 19. f3 Bc6 20. Nxc6 Qxc6 21. f4 Qe6 22. Be5 Nh5 23. Bxb7 Rxd1 24. Rxd1 Rf8 25. Bd5 Qg4 26. Rf1 e6 27. Bf3 Qh3 28. Qg2 Qxg2+ 29. Kxg2 Bxe5 30. fxe5 Ng7 31. Rd1 Nf5 32. Kf2 h5 33. Rd7 a5 34. Be4 Nh6 35. h3 Ra8 36. Bxa8 1-0


[Site "https://www.chess.com"]

[Event "Titled Tuesday Blitz October 11 Early 2022"]
[White "Indjic, Aleksandar"]
[Black "Colas, Joshua"]
[WhiteFideId "911925"]
[BlackFideId "2044447"]
[WhiteElo "2592"]
[BlackElo "2347"]
[Result "0-1"]
[Round "06"]
[TimeControl "180+1"]
[Date "2022.10.11"]
[WhiteClock "0:00:02"]
[BlackClock "0:00:08"]

1. d4 d5 2. c4 e6 3. Nc3 a6 4. cxd5 exd5 5. Nf3 Nf6 6. Qb3 c6 7. e4 dxe4 8. Ng5 Nd5 9. Bc4 Be7 10. Ngxe4 O-O 11. Nxd5 cxd5 12. Bxd5 Nc6 13. Bxc6 bxc6 14. Be3 Be6 15. Qc3 Rb8 16. O-O Bb4 17. Qc1 Qd5 18. f3 Qf5 19. Bd2 Bd5 20. Re1 Be7 21. Nc3 Bf6 22. Be3 Be6 23. Bf2 Rfd8 24. Qd2 c5 25. d5 Bxd5 26. Nxd5 Rxd5 27. Qe2 h5 28. Rab1 a5 29. b3 Rbd8 30. Qb5 Rd2 31. Rbc1 Qg6 32. Re2 Rd1+ 33. Re1 Rxc1 34. Rxc1 Rd2 35. Qxc5 Rxa2 36. g3 h4 37. Qc8+ Kh7 38. Qg4 Qxg4 39. fxg4 h3 40. Kf1 Rb2 41. Rd1 Rxb3 42. Rd5 a4 43. Ra5 a3 44. Bc5 Rb1+ 45. Ke2 Rb2+ 46. Kf3 a2 47. g5 Bxg5 48. Bd4 Rxh2 49. Kg4 Bf6 50. Bxf6 gxf6 51. Ra7 f5+ 52. Kh4 Kg7 53. Ra6 f6 54. Ra7+ Kf8 55. Ra5 Ke7 56. Ra6 Kd7 57. Ra3 Kc6 58. Ra4 Kb5 59. Ra8 Kc4 60. Rc8+ Kd3 61. Ra8 Ke4 62. Re8+ Kf3 63. Ra8 f4 64. gxf4 Kxf4 65. Ra3 Ke4 66. Kg3 Rd2 67. Ra4+ Ke3 68. Kxh3 Ke2 69. Kg2 Kd1+ 70. Kf1 Kc1 71. Ke1 Rb2 72. Rc4+ Kb1 73. Rc6 a1=Q 74. Rxf6 Ka2# 0-1


[Site "https://www.chess.com"]

[Event "Titled Tuesday Blitz October 11 Early 2022"]
[White "Jaskolka, Tomasz"]
[Black "Sernecki, Franciszek"]
[WhiteFideId "1170791"]
[BlackFideId "1169297"]
[WhiteElo "2126"]
[BlackElo "2209"]
[Result "0-1"]
[Round "06"]
[TimeControl "180+1"]
[Date "2022.10.12"]
[WhiteClock "0:00:38"]
[BlackClock "0:01:13"]

1. d4 d5 2. c4 Nc6 3. e3 e5 4. cxd5 Qxd5 5. Nc3 Bb4 6. Bd2 Bxc3 7. Bxc3 exd4 8. exd4 Nf6 9. Nf3 O-O 10. Be2 Bg4 11. O-O Rad8 12. h3 Bh5 13. Qb3 Qxb3 14. axb3 a6 15. Rfd1 Bxf3 16. Bxf3 Nd5 17. Kf1 Rd7 18. g3 g6 19. Kg2 Rfd8 20. Re1 h5 21. h4 Kg7 22. Re2 Re7 23. Rae1 Rxe2 24. Rxe2 Kf6 25. Re1 Rd7 26. Rc1 Kg7 27. Bd2 Nce7 28. Rc5 f6 29. g4 hxg4 30. Bxg4 Rd6 31. Bf3 c6 32. Rc1 Nf5 33. h5 Nxd4 34. Bd1 gxh5 35. Rc4 Ne6 36. Bxh5 b5 37. Rg4+ Kf8 38. Bh6+ Ke7 39. Rg8 Rd8 40. Rxd8 Nxd8 41. Kf3 Ne6 42. Bd2 Nd4+ 43. Ke4 Nxb3 44. Bb4+ Nxb4 45. f4 Nd5 46. Kd3 c5 47. Bf3 Kd6 48. Kc2 Nd4+ 49. Kd3 Nxf3 50. Ke4 Nh4 51. b3 f5+ 52. Kd3 Nxf4+ 53. Kc3 Ne6 54. b4 c4 55. Kb2 Ng6 56. Ka3 Ne5 57. Kb2 Nd7 58. Ka3 Nb6 59. Kb2 Nd5 60. Ka3 Nd8 61. Kb2 Nxb4 62. Ka3 Nd5 63. Kb2 a5 64. Ka2 Ne6 65. Kb2 Nd4 66. Ka3 Nf6 67. Kb2 Ne4 68. Ka3 f4 69. Kb2 f3 70. Ka3 Kc5 71. Kb2 b4 72. Ka2 a4 73. Kb2 a3+ 74. Ka2 Kb5 75. Kb1 Ka4 76. Ka1 Ne2 77. Ka2 Nd2 78. Ka1 f2 79. Ka2 Nd4 80. Ka1 f1=N 81. Ka2 b3+ 82. Ka1 Nc2# 0-1


[Site "https://www.chess.com"]

[Event "Titled Tuesday Blitz October 11 Early 2022"]
[White "Jean Louis, Marckens"]
[Black "Moreno Perez, Tobias Sebastian"]
[WhiteFideId "11900270"]
[BlackFideId "186716"]
[WhiteElo "2030"]
[BlackElo "2482"]
[Result "1/2-1/2"]
[Round "06"]
[TimeControl "180+1"]
[Date "2022.10.12"]
[WhiteClock "0:00:08"]
[BlackClock "0:00:05"]

1. d4 d5 2. c4 c6 3. Nf3 Nf6 4. Nc3 dxc4 5. e4 b5 6. e5 Nd5 7. Be2 e6 8. O-O Be7 9. Ne4 h6 10. b3 cxb3 11. Qxb3 O-O 12. Ba3 a5 13. Bxe7 Qxe7 14. Rac1 a4 15. Qb1 Nf4 16. Bd1 Bd7 17. g3 Nd5 18. Ne1 Na6 19. Bf3 Rfc8 20. Nd3 Be8 21. Nd6 Rcb8 22. Nc5 Nxc5 23. Rxc5 Bd7 24. Rfc1 b4 25. Bd1 Qg5 26. Qe4 b3 27. axb3 axb3 28. f4 Qd8 29. Rb1 b2 30. Bc2 f5 31. exf6 Nxf6 32. Qd3 Ra1 33. Ne4 Nxe4 34. Qxe4 Qf6 35. Qh7+ Kf7 36. Qe4 Rb4 37. Qe5 Qxe5 38. dxe5 Rd4 39. Kf2 Rd2+ 40. Ke3 Rxb1 41. Bxb1 Rxh2 42. Rc3 Ke7 43. Rb3 Kd8 44. Rb7 Kc8 45. Rb3 Kc7 46. Be4 c5 47. Rb7+ Kd8 48. Rb6 c4 49. Kd4 Re2 50. Bg6 Rd2+ 51. Kxc4 Ke7 52. Kc5 Kd8 53. g4 Rd5+ 54. Kc4 Rd2 55. f5 exf5 56. gxf5 Rc2+ 57. Kd3 Ba4 58. e6 Rc1 59. Rxb2 Ke7 60. Rb7+ Kf6 61. Rf7+ Ke5 62. Rxg7 Rd1+ 63. Kc4 Rd8 64. e7 Rc8+ 65. Kb4 Be8 66. Bxe8 Rxe8 67. Rh7 Kxf5 68. Rxh6 Rxe7 69. Rc6 Rd7 70. Rc5+ Ke4 71. Kb5 Rd5 72. Rxd5 Kxd5 1/2-1/2


[Site "https://www.chess.com"]

[Event "Titled Tuesday Blitz October 11 Early 2022"]
[White "Jobava, Baadur"]
[Black "Kovalenko, Igor"]
[WhiteFideId "13601520"]
[BlackFideId "14117908"]
[WhiteElo "2582"]
[BlackElo "2574"]
[Result "1/2-1/2"]
[Round "06"]
[TimeControl "180+1"]
[Date "2022.10.11"]
[WhiteClock "0:00:09"]
[BlackClock "0:00:13"]

1. e4 c5 2. c3 Nf6 3. e5 Nd5 4. Nf3 d6 5. exd6 e6 6. g3 Bxd6 7. Bg2 O-O 8. O-O Nc6 9. d4 cxd4 10. Nxd4 Bc5 11. Nxc6 bxc6 12. Nd2 a5 13. Ne4 Be7 14. Qc2 a4 15. Re1 h6 16. h4 Qc7 17. h5 Rd8 18. a3 Ra5 19. c4 Nf6 20. Bf4 Qb6 21. Be3 Qc7 22. Bf4 Qb6 23. c5 Bxc5 24. Nxf6+ gxf6 25. Bxh6 Bd4 26. Qe2 Kh7 27. Bc1 Re5 28. Qc2+ Kh8 29. Rxe5 Bxe5 30. Rb1 Ba6 31. Be3 Qb3 32. Qxc6 Bd3 33. Re1 Qxb2 34. Qxa4 Bf5 35. Qa7 Kg7 36. h6+ Kg6 37. h7 Rh8 38. Qe7 Rxh7 39. Qf8 Qb8 40. Qxb8 Bxb8 41. a4 Bc7 42. Rc1 Ba5 43. Rc5 Bb6 44. Rc8 Bxe3 45. fxe3 Rh5 46. Rc5 Rh8 47. a5 Rb8 48. Rc1 Bd3 49. Bf1 Bxf1 50. Kxf1 Ra8 51. Ra1 Kf5 52. a6 Ke4 53. Ke2 Kd5 54. Kf3 Kc6 55. Kg4 Kb6 56. a7 Kb7 57. e4 Rg8+ 58. Kf4 Ka8 59. g4 Rg7 60. Kf3 Rg5 61. Rc1 Kxa7 62. Rc7+ Kb6 63. Rxf7 Rg6 64. Re7 e5 65. Kg3 Kc5 66. Rd7 Kc6 67. Rd8 Kc7 68. Rh8 Kd6 69. Kh4 Ke7 70. Ra8 Ke6 71. Ra6+ Kf7 72. Ra7+ Ke6 73. Kg3 Rg8 74. Kf3 Rb8 75. Ra6+ Kf7 76. g5 fxg5 77. Kg4 Rb1 78. Kf5 Rf1+ 79. Kxe5 g4 80. Ra3 Kg6 81. Ra8 Kg5 82. Rg8+ Kh4 83. Rh8+ Kg3 84. Kd6 Rd1+ 85. Ke6 Kf3 86. e5 g3 87. Rf8+ Ke3 88. Rg8 Kf2 89. Kf6 g2 90. e6 Re1 91. Rxg2+ Kxg2 92. e7 Rxe7 93. Kxe7 1/2-1/2


[Site "https://www.chess.com"]

[Event "Titled Tuesday Blitz October 11 Early 2022"]
[White "Johnson, Ben"]
[Black "Silva, Pedro Gil Ferreira Da"]
[WhiteFideId "2010917"]
[BlackFideId "1946102"]
[WhiteElo "2203"]
[BlackElo "2170"]
[Result "1/2-1/2"]
[Round "06"]
[TimeControl "180+1"]
[Date "2022.10.12"]
[WhiteClock "0:00:06"]
[BlackClock "0:00:16"]

1. Nf3 c5 2. c4 Nc6 3. Nc3 g6 4. e3 Bg7 5. d4 cxd4 6. exd4 d6 7. h3 Nf6 8. d5 Nb8 9. Bg5 O-O 10. Bd3 Nbd7 11. O-O a6 12. Re1 Re8 13. Qd2 Nc5 14. Bc2 Qa5 15. a3 Qc7 16. b4 Ncd7 17. Bb3 a5 18. Nb5 Qb6 19. Be3 Qd8 20. Bd4 axb4 21. axb4 Rxa1 22. Rxa1 Ne4 23. Qe3 Bxd4 24. Qxd4 Nef6 25. c5 dxc5 26. bxc5 Nf8 27. Ra8 Qd7 28. Ba4 Qf5 29. Nc7 Rd8 30. d6 exd6 31. cxd6 Ne6 32. Nxe6 Qxe6 33. d7 Nxd7 34. Rxc8 Rxc8 35. Qxd7 Rc1+ 36. Kh2 Qxd7 37. Bxd7 Rc2 38. Kg3 Rc3 39. Kg4 Kg7 40. g3 h5+ 41. Kf4 b6 42. Ne5 Kf6 43. g4 g5+ 44. Ke4 h4 45. f3 Rc1 46. f4 gxf4 47. Kxf4 Rf1+ 48. Nf3 Ke7 49. Bf5 b5 50. g5 b4 51. Kg4 b3 52. Nxh4 b2 53. g6 fxg6 54. Nxg6+ Kf6 55. Bd3 Rg1+ 56. Kh5 Rg5+ 57. Kh6 Rd5 58. Bc2 Rd2 59. Bb1 Rd1 60. Bc2 b1=Q 61. Bxb1 Rxb1 62. h4 Rb8 63. h5 Rb7 64. Nh8 Rb8 65. Ng6 Rc8 66. Kh7 Kf7 67. Kh6 Rc6 68. Kg5 Kg7 69. h6+ Kh7 70. Nf8+ Kg8 71. Ng6 Rc5+ 72. Kf6 Kh7 73. Ne5 Kxh6 74. Nf7+ Kh7 75. Ne5 Rc1 76. Ke6 Re1 77. Kf5 Kg7 78. Kf4 Rf1+ 79. Ke4 Kf6 80. Ng4+ Ke6 81. Ne3 Ra1 82. Kd4 Ra4+ 83. Kc5 Ke5 84. Nc4+ Ke4 85. Nd6+ Ke5 86. Nc4+ Ke6 87. Ne3 Ra1 88. Kd4 Rd1+ 89. Ke4 Ra1 90. Kd4 1/2-1/2


[Site "https://www.chess.com"]

[Event "Titled Tuesday Blitz October 11 Early 2022"]
[White "Kaidanov, Gregory"]
[Black "Xu, Yi"]
[WhiteFideId "2008564"]
[BlackFideId "8605564"]
[WhiteElo "2668"]
[BlackElo "2471"]
[Result "0-1"]
[Round "06"]
[TimeControl "180+1"]
[Date "2022.10.11"]
[WhiteClock "0:00:03"]
[BlackClock "0:00:05"]

1. Nf3 d5 2. g3 Nd7 3. d4 Nb6 4. a4 a5 5. Nc3 Bf5 6. Bg2 Nf6 7. Nh4 e6 8. Nxf5 exf5 9. Qd3 g6 10. O-O c6 11. f3 Bg7 12. Rd1 O-O 13. e4 fxe4 14. fxe4 dxe4 15. Nxe4 Nxe4 16. Bxe4 h5 17. c3 h4 18. g4 Nd5 19. Rf1 Qd7 20. Bf3 Rae8 21. Bd2 f5 22. gxf5 Rxf5 23. Bg2 Ref8 24. Rxf5 Qxf5 25. Qxf5 Rxf5 26. Rf1 Rxf1+ 27. Kxf1 Bf6 28. Bh3 Kf7 29. Bc8 b6 30. Bb7 Ne7 31. Bf4 Ke6 32. Ke2 g5 33. Bb8 g4 34. Ba6 Kd7 35. Bd3 Ke6 36. Be4 Nd5 37. Kd3 c5 38. dxc5 bxc5 39. Ke2 Be5 40. Ba7 Bd6 41. c4 Nb4 42. Bb6 Bxh2 43. Bxa5 Bd6 44. Bxb4 cxb4 45. a5 Ke5 46. Bb7 Kf4 47. Bc8 Bc5 48. Kf1 Kg3 49. a6 h3 50. b3 Kf3 51. Bd7 Kg3 52. Bc8 Bb6 53. Bd7 Kf3 54. Bc8 Kf4 55. Bd7 Kg5 56. Bc8 Kh4 57. Bd7 Bc5 58. Bc8 g3 59. Bb7 Kg4 60. Bc6 Kf4 61. Bb7 Ke3 62. Bc6 Kd2 0-1


[Site "https://www.chess.com"]

[Event "Titled Tuesday Blitz October 11 Early 2022"]
[White "Kalajzic, Ivan"]
[Black "Reprintsev, Alexander"]
[WhiteFideId "14506378"]
[BlackFideId "14100541"]
[WhiteElo "2163"]
[BlackElo "2230"]
[Result "1-0"]
[Round "06"]
[TimeControl "180+1"]
[Date "2022.10.12"]
[WhiteClock "0:00:19"]
[BlackClock "0:00:02"]

1. b3 d5 2. Bb2 Bf5 3. e3 Nd7 4. Nf3 Ngf6 5. d4 g6 6. Bd3 Bxd3 7. cxd3 Bg7 8. Nbd2 O-O 9. O-O a5 10. Ne5 a4 11. b4 a3 12. Bc3 Nb6 13. Rc1 c6 14. Nb3 Nfd7 15. Nc5 Nxe5 16. dxe5 Qc8 17. Bd4 Nd7 18. f4 Nxc5 19. Bxc5 Re8 20. b5 f6 21. bxc6 bxc6 22. d4 Qf5 23. Qc2 Qxc2 24. Rxc2 Kf7 25. Rc3 Reb8 26. Bxa3 Ra6 27. Rfc1 Rba8 28. Bb4 Rxa2 29. Rxc6 R2a7 30. e6+ Kg8 31. Rc8+ Bf8 32. R1c7 Rxc7 33. Rxc7 Ra6 34. Bxe7 Rxe6 35. Bxf8 Kxf8 36. Kf2 Ra6 37. Rxh7 Ra5 38. Kf3 Kg8 39. Rd7 Rb5 40. g4 Kf8 41. h4 Kg8 42. g5 fxg5 43. hxg5 Kf8 44. Kg4 Kg8 45. f5 gxf5+ 46. Kxf5 Rb3 47. Kf4 Rb5 48. g6 Kf8 49. Ke5 1-0


[Site "https://www.chess.com"]